 Dungeon Crawl Stone Soup version 0.26.0-45-g9c1d065592 (webtiles) character file.

Game seed: 668951976090379232

10718 trckry the Quickloader (level 11, -8/99 HPs)
             Began as a Tengu Hunter on Jan 28, 2021.
             Was a High Priest of Okawaru.
             Mangled by a minotaur
             ... wielding a +0 spear
              (21 damage)
             ... in a Gauntlet.
             The game lasted 00:36:57 (11389 turns).

trckry the Quickloader (Tengu Hunter)              Turns: 11389, Time: 00:36:58

Health: -8/99      AC: 25    Str: 23    XL:     11   Next: 66%
Magic:  14/14      EV:  2    Int: 11    God:    Okawaru [*****.]
Gold:   539        SH:  0    Dex: 14    Spells: 10/10 levels left

rFire    . . .     SeeInvis .   b - +4 quarterstaff (chaos)
rCold    . . .     Faith    .   (shield currently unavailable)
rNeg     + + +     Spirit   .   (armour currently unavailable)
rPois    +         Reflect  .   (helmet currently unavailable)
rElec    .         Harm     .   (cloak currently unavailable)
rCorr    .         Rampage  .   (gloves currently unavailable)
Will     +++..     NoTele   +   (boots unavailable)
Stlth    +.........             u - amulet of regeneration
HPRegen  0.66/turn              L - ring of Yzastoo {Will+++ Str+6 Slay-6 Stlth-}
MPRegen  0.14/turn              F - ring of poison resistance (curse)

@: tree-form, hasted, very quick
A: low mp 1, able to fly
a: Renounce Religion, Heroism, Finesse


You were in a Gauntlet.
You worshipped Okawaru.
Okawaru was extremely pleased with you.
You were a tree.
You visited 2 branches of the dungeon, and saw 12 of its levels.
You also visited: Ossuary and Gauntlet.

You collected 539 gold pieces.

Inventory:

Hand Weapons
 a - a +1 hand crossbow
 b - a +4 quarterstaff of chaos (weapon)
Missiles
 d - 83 bolts
 p - 54 poisoned darts (quivered)
 E - 3 throwing nets
Armour
 k - a +1 hat (melded)
 s - a +2 cloak (melded)
 y - a +2 plate armour of fire resistance (melded)
 J - the +0 pair of gloves of Urias (melded) {Dex+2}
   (Okawaru gifted it to you on level 10 of the Dungeon)

   It affects your dexterity (+2).
Jewellery
 u - an amulet of regeneration (around neck)
 v - a +6 ring of dexterity
 F - a cursed ring of poison resistance (right branch)
 G - an uncursed ring of protection from cold
 H - the ring "Ifyodwex" {Wiz Int+2}
   (You found it in a Gauntlet)

   [ring of wizardry]

   It improves your spell success rate.
   It affects your intelligence (+2).
 K - an uncursed ring of positive energy
 L - the ring of Yzastoo (left branch) {Will+++ Str+6 Slay-6 Stlth-}
   (You found it in a Gauntlet)

   [ring of attention]

   It affects your strength (+6).
   It affects your accuracy and damage with ranged weapons and melee attacks
   (-6).
   It affects your willpower, your defense against some magical effects.
   It makes you less stealthy.
Wands
 A - a wand of iceblast (5)
 B - a wand of random effects (12)
 D - a wand of paralysis (4)
Scrolls
 c - a scroll of enchant armour
 g - 8 scrolls of teleportation
 i - a scroll of blinking
 l - 4 scrolls of remove curse
 m - 4 scrolls of fear
 x - 9 scrolls of identify
 C - 3 scrolls of enchant weapon
Potions
 e - 6 potions of lignification
 h - 2 potions of invisibility {unknown}
 j - 2 potions of resistance {unknown}
 n - 3 potions of mutation
 o - 3 potions of haste
 q - 2 potions of flight {unknown}
 r - 2 potions of might {unknown}
 t - 6 potions of curing
 w - a potion of attraction {unknown}
 z - 2 potions of brilliance {unknown}
 I - a potion of cancellation {unknown}


   Skills:
 + Level 6.5 Fighting
 * Level 9.2 Staves
 * Level 10.3 Crossbows
 + Level 6.4 Armour
 + Level 6.8 Dodging
 - Level 1.0 Stealth
 + Level 5.3 Invocations
 + Level 6.0 Evocations


You had 10 spell levels left.
You didn't know any spells.
Your spell library contained the following spells:

 Spells                   Type           Power        Failure   Level
 Magic Dart               Conj           0%           34%         1
 Searing Ray              Conj           0%           47%         2
 Confusing Touch          Hex            0%           71%         3
 Dazzling Flash           Conj/Hex       0%           71%         3
 Gell's Gravitas          Tloc           0%           71%         3
 Fulminant Prism          Conj/Hex       0%           98%         4
 Iskenderun's Mystic Bla  Conj/Tloc      0%           98%         4
 Petrify                  Tmut/Erth      0%           98%         4
 Metabolic Englaciation   Hex/Ice        0%           100%        5
 Yara's Violent Unravell  Hex/Tmut       0%           100%        5


Dungeon Overview and Level Annotations

Branches:
Dungeon (11/15)            Temple (1/1) D:5            Lair (0/6) D:10
    Orc (0/2) D:9         Ossuary (visited)         Gauntlet (1/1)

Altars:
Ashenzari
Cheibriados
Dithmenos
Elyvilon
Fedhas
Gozag
Hepliaklqana
Kikubaaqudgha
Makhleb
Nemelex Xobeh
Okawaru
Qazlal
Ru
Sif Muna
Trog
Uskayaw
Vehumet
Wu Jian
Xom
Yredelemnul
Zin
The Shining One

Annotations:
Gauntlet 6 transporters


Innate Abilities, Weirdness & Mutations

((You have a beak for a mouth.))
((You have claws for feet.))
You can fly continuously.
Your magical capacity is low. (-10% MP)


Message History

The minotaur gores you but does no damage.
You closely miss the minotaur.
The minotaur is lightly wounded.
You thump the minotaur! You burn the minotaur.
The minotaur is moderately wounded.
The minotaur hits you with a +0 spear.
* * * LOW HITPOINT WARNING * * *
The minotaur gores you but does no damage.
You hit the minotaur.
The minotaur seems to speed up.
The minotaur is moderately wounded.
The minotaur hits you but does no damage.
The minotaur gores you but does no damage.
Okay, then.
You miss the minotaur.
The minotaur is moderately wounded.
The minotaur hits you with a +0 spear!
* * * LOW HITPOINT WARNING * * *
The minotaur completely misses you.
You feel better. The minotaur hits you with a +0 spear!!
You die...

##..#... ### #≈..#.##
#....##..###§.#.##
#.##.....##§§.#©.#
..##.##..###..#)## ..##
#....##..##≈..#.##
#....##.##.....###..#.#.
#....##.##....#..#.##
######♣H..##...©#..####
#∩...'.##.......#......
######.##.##....#.∩....
#....##...©#..####
#.##.......#..#Z..
...##.##..###..#(.#
#.##....##..##≈..#..# ..
#.##.....###..#©.# ##
..##.##..##≈..#).#


You could see a minotaur (fast, agile).

Vanquished Creatures
  A death ooze (Gauntlet)
  Harold (D:8)
  2 two-headed ogres (D:10)
  Nergalle (D:10)
  A wretched star (Gauntlet)
  Pikel (D:6)
  A komodo dragon (D:10)
  A polar bear (shapeshifter) (D:8)
  Sigmund (D:3)
  7 yaks
  A tarantella (shapeshifter) (D:3)
  A neqoxec (Gauntlet)
  3 swamp worms (Gauntlet)
  2 sky beasts
  4 orc warriors
  A black bear (D:9)
  2 wolves (D:9)
  An ogre (D:7)
  A phantom (D:7)
  2 centaurs
  A big kobold (D:7)
  Blork the orc (D:5)
  A small abomination (Gauntlet)
  2 bullfrogs
  2 water moccasin zombies (Ossuary)
  5 scorpions
  10 killer bees
  2 vampire bats (D:4)
  2 quasits
  5 bullfrog zombies
  2 hounds
  Crazy Yiuf (D:2)
  2 centaur skeletons
  A gnoll shaman (D:4)
  2 jellies (D:7)
  5 orc priests
  10 orc wizards
  2 iguanas
  Terence (D:2)
  2 bullfrog skeletons
  3 worker ants (D:7)
  A killer bee zombie (D:9)
  6 big kobold zombies (Ossuary)
  2 hound skeletons
  2 mummies (Ossuary)
  4 worker ant zombies
  Robin (D:4)
  6 gnolls
  11 adders
  2 shadow imps
  3 white imps
  An ufetubus (D:9)
  2 oozes
  An adder skeleton (D:9)
  7 adder zombies
  2 worms
  A dart slug (D:2)
  An adder simulacrum (D:9)
  8 leopard geckos
  32 orcs
  7 bats
  3 bat skeletons (D:4)
  2 bat zombies (D:4)
  4 giant cockroaches
  2 gnoll zombies (Ossuary)
  19 goblins
  8 hobgoblins
  8 jackals
  12 kobolds
  2 quokkas
  2 ball pythons
  3 frilled lizards
  A hobgoblin zombie (Ossuary)
  6 kobold zombies (Ossuary)
  A leopard gecko zombie (D:5)
  4 orc zombies (Ossuary)
  7 rats
281 creatures vanquished.

Vanquished Creatures (collateral kills)
  A water moccasin zombie (Ossuary)
1 creature vanquished.

Vanquished Creatures (others)
  A water moccasin zombie (Ossuary)
  3 fungi (D:4)
  30 plants
  A withered plant (D:5)
35 creatures vanquished.

Grand Total: 317 creatures vanquished

Notes
Turn   | Place    | Note
-------+----------+-------------------------------------------
     0 | D:1      | trckry the Tengu Hunter began the quest for the Orb.
     0 | D:1      | Reached XP level 1. HP: 12/12 MP: 2/2
   248 | D:1      | Reached XP level 2. HP: 17/17 MP: 3/3
   450 | D:1      | Reached skill level 1 in Staves
   584 | D:1      | Reached XP level 3. HP: 18/21 MP: 4/4
  1371 | D:2      | Reached skill level 1 in Armour
  1444 | D:2      | Reached XP level 4. HP: 23/27 MP: 5/5
  1593 | D:2      | Reached skill level 1 in Evocations
  1795 | D:2      | Reached skill level 1 in Invocations
  1802 | D:2      | Reached skill level 5 in Crossbows
  1803 | D:2      | Gained mutation: You can fly continuously. [Tengu growth]
  1803 | D:2      | Reached XP level 5. HP: 31/31 MP: 6/6
  1933 | D:2      | Noticed Terence
  1945 | D:2      | Killed Terence
  2210 | D:2      | Found a runed translucent door.
  2211 | D:2      | Noticed Crazy Yiuf
  2471 | D:2      | Killed Crazy Yiuf
  2615 | D:3      | Found an iron altar of Okawaru.
  2657 | D:3      | Became a worshipper of Warmaster Okawaru
  2864 | D:3      | Reached XP level 6. HP: 36/36 MP: 8/8
  3093 | D:3      | Found a glowing golden altar of the Shining One.
  3565 | D:3      | Noticed Sigmund
  3656 | D:3      | Killed Sigmund
  3657 | D:3      | Reached XP level 7. HP: 18/41 MP: 9/9
  3856 | D:3      | Noticed a shapeshifter
  3856 | D:3      | Noticed a tarantella
  3856 | D:3      | a shapeshifter changed into a tarantella
  3860 | D:3      | Killed a tarantella
  3860 | D:3      | Reached * piety under Okawaru
  3861 | D:3      | Reached skill level 6 in Crossbows
  4117 | D:4      | Noticed Robin
  4614 | D:4      | Found a sand-covered staircase.
  4627 | Ossuary  | Entered an ossuary
  4732 | Ossuary  | Reached XP level 8. HP: 42/46 MP: 10/10
  4788 | Ossuary  | Reached ** piety under Okawaru
  4866 | D:4      | Found a shimmering altar of Xom.
  4999 | D:4      | Killed Robin
  5077 | D:4      | Found an ancient bone altar of Kikubaaqudgha.
  5149 | D:4      | Found a blossoming altar of Fedhas.
  5345 | D:5      | Entered Level 5 of the Dungeon
  5426 | D:5      | Found a staircase to the Ecumenical Temple.
  5578 | D:5      | Noticed Blork the orc
  5587 | D:5      | Killed Blork the orc
  5595 | D:5      | Reached skill level 7 in Crossbows
  5596 | D:5      | Reached skill level 5 in Staves
  6123 | Temple   | Entered the Ecumenical Temple
  6339 | D:6      | Reached XP level 9. HP: 48/52 MP: 12/12
  6545 | D:6      | Noticed Pikel
  6559 | D:6      | Killed Pikel
  6559 | D:6      | Reached *** piety under Okawaru
  7170 | D:7      | Received a gift from Okawaru
  7171 | D:7      | Reached skill level 5 in Dodging
  7267 | D:7      | Reached skill level 8 in Crossbows
  7267 | D:7      | Found an opulent altar of Gozag.
  7471 | D:7      | Found a bloodstained altar of Trog.
  7622 | D:7      | Reached skill level 5 in Fighting
  7856 | D:8      | Found an ornate altar of the Wu Jian Council.
  8292 | D:8      | Found a sacrificial altar of Ru.
  8351 | D:9      | Reached **** piety under Okawaru
  8352 | D:9      | Reached XP level 10. HP: 39/59 MP: 13/13
  8468 | D:9      | Received a gift from Okawaru
  8468 | D:9      | Noticed Harold
  8493 | D:8      | Killed Harold
  8494 | D:8      | Reached skill level 5 in Armour
  8587 | D:9      | Reached skill level 9 in Crossbows
  8761 | D:9      | Found a shadowy altar of Dithmenos.
  8858 | D:9      | Reached ***** piety under Okawaru
  9042 | D:9      | Reached skill level 5 in Evocations
  9116 | D:9      | Found a staircase to the Orcish Mines.
  9364 | D:10     | Entered Level 10 of the Dungeon
  9388 | D:10     | Noticed a two-headed ogre
  9397 | D:10     | Killed a two-headed ogre
  9397 | D:10     | Received a gift from Okawaru
  9562 | D:10     | Noticed a two-headed ogre
  9923 | D:10     | Reached XP level 11. HP: 29/64 MP: 15/15
 10169 | D:10     | Received a gift from Okawaru
 10187 | D:10     | Got a pair of brightly glowing gloves {god gift}
 10193 | D:10     | Identified the +0 pair of gloves of Urias {Dex+2} (Okawaru
                  | gifted it to you on level 10 of the Dungeon)
 10235 | D:10     | Killed a two-headed ogre
 10236 | D:10     | Reached skill level 5 in Invocations
 10539 | D:10     | Found a staircase to the Lair.
 10540 | D:10     | Noticed Nergalle
 10711 | D:10     | Killed Nergalle
 10712 | D:10     | Reached skill level 10 in Crossbows
 10955 | D:11     | Found a gate leading to a gauntlet.
 10983 | Gauntlet | Entered a Gauntlet
 10983 | Gauntlet | Found a transporter.
 10983 | Gauntlet | Found a transporter.
 11006 | Gauntlet | Found a transporter.
 11007 | Gauntlet | Found a transporter.
 11019 | Gauntlet | Found a transporter.
 11029 | Gauntlet | Found a transporter.
 11029 | Gauntlet | Noticed a wretched star
 11049 | Gauntlet | Found a transporter.
 11049 | Gauntlet | Noticed a death drake
 11064 | Gauntlet | Found a transporter.
 11067 | Gauntlet | Found a transporter.
 11075 | Gauntlet | Found a transporter.
 11078 | Gauntlet | Found a transporter.
 11078 | Gauntlet | Noticed a worldbinder
 11112 | Gauntlet | Noticed a death ooze
 11113 | Gauntlet | Found a transporter.
 11206 | Gauntlet | Got a pitted granite ring
 11222 | Gauntlet | Killed a death ooze
 11309 | Gauntlet | Identified the ring "Ifyodwex" {Wiz Int+2} (You found it in
                  | a Gauntlet)
 11319 | Gauntlet | Gained mutation: Your magical capacity is low. (-10% MP) [a
                  | neqoxec]
 11326 | Gauntlet | Killed a wretched star
 11341 | Gauntlet | Got a warped brass ring
 11343 | Gauntlet | Identified the ring of Yzastoo {Will+++ Str+6 Slay-6
                  | Stlth-} (You found it in a Gauntlet)
 11356 | Gauntlet | Identified the ring "Kulirunt" {rPois rC+++ rN+ Will+ Int+6
                  | Dex-4}
 11356 | Gauntlet | Noticed a minotaur
 11361 | Gauntlet | HP: 8/66 [minotaur/+0 spear (21)]
 11371 | Gauntlet | HP: 9/66 [minotaur/+0 spear (20)]
 11388 | Gauntlet | HP: 6/99 [minotaur/+0 spear (16)]
 11389 | Gauntlet | Mangled by a minotaur

Illustrated notes

Levels and vault maps discovered:
D:1:      onia_arrival_mini_spirals, layout_basic, kennysheep_doodads
D:2:      layout_basic, uniq_crazy_yiuf_cottage, uniq_terence
D:3:      layout_basic, general_overflow_altar, tso_altar,
          serial_bayou_lagoon_a, uniq_sigmund
D:4:      kennysheep_spiral_hall, layout_basic, marbit_many_paths,
          kennysheep_little_box, kennysheep_vampire_church, serial_aquarium,
          aquarium_bridge_straight [aquarium_subvault_bridge,
          aquarium_subvault_window, aquarium_subvault_bridge,
          aquarium_subvault_wall], aquarium_window_2, aquarium_window_1,
          aquarium_window_3, aquarium_window_2, aquarium_view_2d,
          aquarium_view_2d, aquarium_pool_five, enter_ossuary_1, uniq_robin
D:5:      layout_loops_ring, minmay_temple_entry_trees, serial_undead,
          serial_undead_b, serial_undead_b, serial_undead_e, serial_undead_c,
          uniq_blork_the_orc
D:6:      layout_loops_cross, uniq_pikel
D:7:      layout_gridville, kennysheep_mini_moat, nicolae_overflow_crystal_walls
D:8:      layout_loops_cross, overflow_temple_1_default,
          nicolae_ru_path_of_blood
D:9:      layout_loops_cross, nicolae_dithmenos_the_darkroom, david_orc_2,
          serial_ice, serial_ice_e, serial_ice_i, serial_ice_n, serial_ice_a,
          uniq_harold
D:10:     layout_irregular_city, david_lair_shrubbed, hex_large, uniq_nergalle
D:11:     minmay_the_grid_octo_tiled_octocenter
          [minmay_the_grid_octo_checkerflower, minmay_the_grid_octo_shrine,
          minmay_the_grid_octo_odd_swirl, minmay_the_grid_octo_horde,
          minmay_the_grid_octo_prize_square_snowflake,
          minmay_the_grid_square_5x5_misaligned, minmay_the_grid_square_5x5_two,
          minmay_the_grid_square_5x5_mess, minmay_the_grid_square_5x5_plus],
          layout_stronghold, gauntlet_entry_generic
Temple:   minmay_temple_bridge_abc
Gauntlet: minmay_gauntlet_mixed_big_or_small
          [gammafunk_gauntlet_arena_split_diamond, minmay_gauntlet_arena_77_box,
          gammafunk_gauntlet_arena_spirals, minmay_gauntlet_arena_77_checkered,
          gammafunk_gauntlet_arena_crates,
          minmay_gauntlet_arena_77_chump_sandwich, gauntlet_exit_green]

Skill      XL: |  1  2  3  4  5  6  7  8  9 10 11 |
---------------+----------------------------------+-----
Staves         | 1 2 3 4 5 6 8 9 |  9.2
Armour         | 1 2 3 4 5 6 |  6.4
Evocations     | 1 2 3 4 5 6 |  6.0
Invocations    | 1 2 3 4 5 |  5.3
Crossbows      | 5 6 7 8 9 10 | 10.3
Dodging        | 3 4 5 6 |  6.8
Fighting       | 3 4 5 6 |  6.5
Stealth        | |  1.0

Action                   |  1- 3 |  4- 6 |  7- 9 | 10-12 || total
-------------------------+-------+-------+-------+-------++-------
Melee: Short sword       |    82 |    32 |       |       ||   114
       Kick              |    21 |    17 |    77 |    78 ||   193
       Peck              |     4 |     7 |    40 |    61 ||   112
       Quarterstaff      |       |    50 |   273 |   224 ||   547
 Fire: Hand crossbow     |     6 |    27 |    60 |   100 ||   193
Throw: Dart              |       |    26 |       |     2 ||    28
Invok: Heroism           |       |       |       |     4 ||     4
       Finesse           |       |       |       |     3 ||     3
 Abil: Fly               |       |     1 |       |       ||     1
Evoke: Wand              |       |       |       |     5 ||     5
  Use: Scroll            |       |       |    14 |     1 ||    15
       Potion            |       |       |       |     9 ||     9
 Stab: Sleeping          |     1 |       |       |       ||     1
       Paralysed         |       |       |     2 |     8 ||    10
       Petrifying        |       |       |       |     2 ||     2
       Confused          |       |       |       |     1 ||     1
Armor: Leather armour    |    22 |     7 |       |       ||    29
       Chain mail        |       |    36 |   107 |       ||   143
       Plate armour      |       |       |    78 |   183 ||   261
       Skin              |       |       |       |     8 ||     8
Dodge: Dodged            |    58 |    59 |   110 |   106 ||   333
